 Dungeon Crawl Stone Soup version 0.28.0 (webtiles) character file.

Game seed: 4738623394541853889

454 Prodoman the Magician (level 6, -3/46 HPs)
             Began as a Demonspawn Hedge Wizard on Feb 4, 2022.
             Slain by a bullfrog (6 damage)
             ... in a sewer.
             The game lasted 00:13:28 (4439 turns).

Prodoman the Magician (Demonspawn Hedge Wizard)     Turns: 4439, Time: 00:13:28

Health: -3/46      AC: 14    Str: 11    XL:     6   Next: 76%
Magic:  12/12      EV: 12    Int: 17    God:
Gold:   132        SH:  0    Dex: 12    Spells: 4/13 levels left

rFire   . . .      SeeInvis .   o - +2 flail (protect)
rCold   . . .      Faith    .   (no shield)
rNeg    . . .      Spirit   .   b - +0 robe
rPois   .          Reflect  .   c - +0 hat
rElec   .          Harm     .   u - +2 cloak
rCorr   .          Rampage  .   (no gloves)
Will    .....                   (no boots)
Stlth   ++........              (no amulet)
HPRegen 0.15/turn               (no ring)
MPRegen 0.13/turn               (no ring)

@: under a protective aura
A: icy blue scales 1, demonic touch 1
a: no special abilities


You were in a sewer.
You visited 1 branch of the dungeon, and saw 4 of its levels.
You also visited: Sewer.

You collected 132 gold pieces.

Inventory:

Hand Weapons
 a - a +0 dagger
 g - a +0 dagger of venom
 i - a +0 dagger
 o - a +2 flail of protection (weapon)
 p - a +2 antimagic dagger
 t - a +4 quarterstaff of chaos
Armour
 b - a +0 robe (worn)
 c - a +0 hat (worn)
 u - a +2 cloak (worn)
Jewellery
 r - a ring of protection from cold
Wands
 v - a wand of digging (7)
Scrolls
 d - a scroll of teleportation {unknown}
 h - a scroll of immolation
 j - a scroll of identify {unknown}
 m - a scroll of fog {unknown}
 n - a scroll of amnesia {unknown}
Potions
 e - a potion of brilliance {unknown}
 f - a potion of haste {unknown}
 k - a potion of magic {unknown}
 l - a potion of degeneration {unknown}
 q - a potion of mutation {unknown}
 s - 2 potions of ambrosia {unknown}
 w - a potion of lignification {unknown}


   Skills:
 + Level 2.5 Fighting
 + Level 3.1 Dodging
 - Level 1.7 Stealth
 * Level 4.1 Spellcasting
 + Level 3.0 Conjurations
 - Level 0.8 Hexes
 - Level 1.0 Summonings
 - Level 0.8 Translocations
 + Level 1.1 Transmutations
 + Level 1.2 Air Magic
 + Level 1.2 Earth Magic
 + Level 1.4 Poison Magic


You had 4 spell levels left.
You knew the following spells:

 Your Spells              Type           Power      Damage    Failure   Level
a - Magic Dart            Conj           52%        1d5       4%          1
b - Mephitic Cloud        Conj/Pois/Air  10%        N/A       22%         3
c - Slow                  Hex            24%        N/A       11%         1
d - Petrify               Tmut/Erth      7%         N/A       67%         4

Your spell library contained the following spells:

 Spells                   Type           Power      Damage    Failure   Level
 Call Imp                 Summ           6%         N/A       16%         2
 Blink                    Tloc           12%        N/A       17%         2
 Sublimation of Blood     Necr           3%         N/A       24%         2
 Conjure Flame            Conj/Fire      8%         6-21      26%         3
 Irradiate                Conj/Tmut      5%         3d15      88%         5
 Manifold Assault         Tloc           6%         N/A       97%         5
 Storm Form               Tmut/Air       3%         N/A       100%        7


Dungeon Overview and Level Annotations

Branches:
Dungeon (4/15)              Sewer (1/1)
 Temple: D:4-7

Altars:
Elyvilon
Uskayaw


Innate Abilities, Weirdness & Mutations

You are partially covered in icy blue scales. (AC +2)
Your touch may inflict minor irresistible damage on your foes.


Message History

Your weapon exudes an aura of protection.
You kill the bullfrog!
The bullfrog hits you but does no damage.
The bullfrog closely misses you.
Your Conjurations skill increases to level 3!
The bullfrog barely misses you.
The bullfrog hits you but does no damage.
The bullfrog barely misses you.
You barely miss the bullfrog. The bullfrog hits you.
The bullfrog closely misses you.
You closely miss the bullfrog.
The bullfrog hits you but does no damage.
The bullfrog closely misses you.
You barely miss the bullfrog. Your touch misses the bullfrog.
The bullfrog hits you. The bullfrog barely misses you.
You hit the bullfrog.
Your weapon exudes an aura of protection.
The bullfrog is lightly wounded.
The bullfrog hits you.
* * * LOW HITPOINT WARNING * * *
The bullfrog hits you but does no damage.
You hit the bullfrog.
You touch the bullfrog.
The bullfrog is moderately wounded.
The bullfrog hits you.
* * * LOW HITPOINT WARNING * * *
The bullfrog hits you but does no damage.
You hit the bullfrog.
The bullfrog is heavily wounded.
The bullfrog hits you.
* * * LOW HITPOINT WARNING * * *
The bullfrog barely misses you. x2
You closely miss the bullfrog. Your touch misses the bullfrog.
The bullfrog is heavily wounded.
The bullfrog hits you but does no damage.
The bullfrog hits you.
* * * LOW HITPOINT WARNING * * *
You hit the bullfrog.
The bullfrog is severely wounded.
The bullfrog hits you.
You die...

#.# ≈≈≈≈≈≈#.≈≈≈.##.≈.
#.#
#≈≈≈≈≈≈≈≈≈≈≈.≈≈≈.###≈#
#†# #≈≈≈≈≈≈≈≈≈≈≈.≈≈≈.#
#.# #.#
##≈≈≈≈≈≈≈≈≈≈≈.≈≈≈.# #.#
#.# #≈≈≈≈≈≈.≈≈≈≈≈.≈≈≈.#
#∩# #.#
#≈≈≈≈≈.$.≈≈≈≈≈≈≈≈.# #.#
#.# #≈≈≈≈.[(?.≈≈≈≈≈≈≈.#
#∩# #.#
#≈≈≈≈≈}!≈≈≈≈≈≈≈≈≈.# #.#
#.# #≈≈≈≈≈@F≈.≈≈≈≈≈≈≈.#
### #.#
#≈≈≈≈≈.≈≈≈.≈†≈≈≈≈.# #†#
##≈≈≈.≈..≈≈≈≈≈≈≈≈.# #≈#
#≈≈∩.≈≈≈≈≈≈≈≈≈≈≈.# #≈#
#≈≈≈≈≈≈≈≈≈≈≈≈≈≈≈.# #≈#
##≈≈≈≈≈≈≈≈≈≈≈≈≈≈.# #.#
#≈≈≈≈≈≈≈≈≈≈≈≈≈≈.# #≈#
##≈≈≈≈≈≈≈≈≈.≈≈≈.#
#≈########≈≈≈≈≈≈≈≈.≈≈≈.#


You could see a bullfrog.

Vanquished Creatures
  A black bear (D:4)
  A bullfrog (Sewer)
  Crazy Yiuf (D:3)
  Jessica (D:2)
  Natasha (thrice) (D:3)
  Ijyb (D:4)
  Terence (D:3)
  Robin (D:3)
  2 adders
  An adder skeleton (D:4)
  2 worms
  A dart slug (D:2)
  3 bats
  5 endoplasms
  12 giant cockroaches
  18 goblins
  6 hobgoblins
  8 quokkas
  5 ball pythons
  8 frilled lizards
  6 kobolds
  3 rats
  A bush (D:3)
91 creatures vanquished.

Vanquished Creatures (others)
  2 fungi (D:3)
2 creatures vanquished.

Grand Total: 93 creatures vanquished

Notes
Turn   | Place    | Note
-------+----------+-------------------------------------------
     0 | D:1      | Prodoman the Demonspawn Hedge Wizard began the quest for
                  | the Orb.
     0 | D:1      | Reached XP level 1. HP: 13/13 MP: 4/4
   333 | D:1      | Found a faded altar of an unknown god.
   905 | D:2      | Gained mutation: Your touch may inflict minor irresistible
                  | damage on your foes. [demonic ancestry]
   905 | D:2      | Reached XP level 2. HP: 20/20 MP: 3/6
  1167 | D:2      | Reached skill level 1 in Fighting
  1358 | D:2      | Reached XP level 3. HP: 26/26 MP: 1/7
  1362 | D:2      | Learned a level 3 spell: Mephitic Cloud
  1364 | D:2      | Learned a level 1 spell: Slow
  1540 | D:2      | Noticed Jessica
  1550 | D:2      | Killed Jessica
  1958 | D:3      | Reached XP level 4. HP: 33/33 MP: 2/9
  2036 | D:3      | Noticed Robin
  2064 | D:3      | Killed Robin
  2228 | D:3      | Learned a level 4 spell: Petrify
  2553 | D:3      | Noticed Natasha
  2562 | D:3      | Killed Natasha
  2818 | D:3      | Reached XP level 5. HP: 38/38 MP: 2/10
  2837 | D:3      | Noticed Natasha
  2847 | D:3      | Killed Natasha
  3190 | D:3      | Noticed Natasha
  3195 | D:3      | Killed Natasha
  3346 | D:3      | Noticed Terence
  3354 | D:3      | Killed Terence
  3698 | D:3      | Found a runed translucent door.
  3699 | D:3      | Noticed Crazy Yiuf
  3713 | D:3      | Killed Crazy Yiuf
  3779 | D:4      | Noticed Ijyb
  3800 | D:4      | Killed Ijyb
  3801 | D:4      | Gained mutation: You are partially covered in icy blue
                  | scales. (AC +2) [demonic ancestry]
  3801 | D:4      | Reached XP level 6. HP: 22/44 MP: 11/11
  4021 | D:4      | Found a hide-covered altar of Uskayaw.
  4031 | D:4      | Reached skill level 4 in Spellcasting
  4031 | D:4      | Reached skill level 1 in Transmutations
  4031 | D:4      | Reached skill level 1 in Air Magic
  4031 | D:4      | Reached skill level 1 in Earth Magic
  4031 | D:4      | Reached skill level 1 in Poison Magic
  4124 | D:4      | Found a glowing drain.
  4147 | Sewer    | Entered a sewer
  4439 | Sewer    | Slain by a bullfrog

Illustrated notes

Levels and vault maps discovered:
D:1:      scummos_arrival_simple_crosswalls, layout_basic,
          hellmonk_ecumenical_altar_blasted
D:2:      layout_rooms, basic_altar, minmay_pentomino_r2, uniq_jessica
D:3:      layout_loops_cross, uniq_natasha, uniq_robin, uniq_terence,
          uniq_crazy_yiuf_cottage
D:4:      layout_layer_cave, nicolae_uskayaw_murder_on_the_dancefloor,
          gup_sewer_entry_pipe, minmay_divided_ellipse, uniq_ijyb, uniq_sigmund
Sewer:    sewer_frog_island_01

Skill      XL: |  1  2  3  4  5  6 |
---------------+-------------------+-----
Dodging        | 2 3 |  3.1
Fighting       | 1 2 |  2.5
Conjurations   | 2 3 |  3.0
Spellcasting   | 4 |  4.1
Transmutations | 1 |  1.1
Air Magic      | 1 |  1.2
Earth Magic    | 1 |  1.2
Poison Magic   | 1 |  1.4
Stealth        | |  1.7
Hexes          | |  0.8
Summonings     | |  1.0
Translocations | |  0.8

Action                   |  1- 3 |  4- 6 || total
-------------------------+-------+-------++-------
Melee: Dagger            |    18 |       ||    18
       Punch             |     1 |     2 ||     3
       Touch             |     3 |    41 ||    44
       Flail             |     4 |   224 ||   228
 Cast: Magic Dart        |    64 |    34 ||    98
       Mephitic Cloud    |       |     1 ||     1
  Use: Potion            |       |     4 ||     4
Armor: Robe              |     7 |   142 ||   149
Dodge: Dodged            |    20 |   232 ||   252
